 Dungeon Crawl Stone Soup version 0.24-a0-433-gbe6fa4f6cc (webtiles) character file.

Game seed: 824831111953195990

28 ivs the Poker (level 3, 29/29 HPs)
             Began as a Merfolk Berserker on June 14, 2019.
             Was a Follower of Trog.
             Got out of the dungeon alive.
             The game lasted 00:05:30 (528 turns).

ivs the Poker (Merfolk Berserker)                    Turns: 528, Time: 00:05:31

Health: 29/29      AC:  5    Str: 17    XL:     3   Next: 14%
Magic:  3/3        EV: 12    Int:  6    God:    Trog [*.....]
Gold:   124        SH:  0    Dex: 14    Spells: 2/2 levels left

rFire    . . .     SeeInvis .   a - +0 spear
rCold    . . .     Gourm    .   (no shield)
rNeg     . . .     Faith    .   i - +0 ring mail
rPois    .         Spirit   .   (no helmet)
rElec    .         Reflect  .   (no cloak)
rCorr    .         Harm     .   (no gloves)
MR       .....                  (no boots)
Stlth    +.........             (no amulet)
HPRegen  0.09/turn              j - ring of flight
MPRegen  0.08/turn              (no ring)

@: no status effects
A: change form in water, swift swim, stealthy swim
a: Berserk, Renounce Religion, Evoke Flight


You escaped.
You worshipped Trog.
Trog was aware of your devotion.
You were not hungry.

You visited 1 branch of the dungeon, and saw 2 of its levels.

You collected 124 gold pieces.

Inventory:

Hand Weapons
 a - a +0 spear (weapon)
Missiles
 b - 8 boomerangs
 d - 2 throwing nets (quivered)
 e - 72 stones
 f - 19 sling bullets
Armour
 i - a +0 ring mail (worn)
Jewellery
 j - a ring of flight (left hand)
Scrolls
 g - a scroll of fog {unknown}
 l - a scroll of identify {unknown}
Potions
 k - a potion of curing {unknown}
Comestibles
 c - 2 rations


   Skills:
 - Level 3.2 Fighting
 * Level 6.1 Polearms
 - Level 1.3 Armour
 - Level 2.6 Dodging
 + Level 0.2 Stealth


You had 2 spell levels left.
You didn't know any spells.
Your spell library was empty.

Dungeon Overview and Level Annotations

Branches:
Dungeon (2/15)

Altars:


Message History

The goblin hits you.
Found a stone staircase leading up.
You hit the goblin.
The goblin is severely wounded.
You hit the goblin.
You kill the goblin!
Trog accepts your kill.
l - a scroll labeled YXKOIW CUAQO You now have 124 gold pieces (gained 17).
You see here a +2 robe of cold resistance.
You see here a robe.
There is a stone staircase leading up here.
You climb upwards.
There is a stone staircase leading down here.
All of the chunks of flesh in your inventory have rotted away.
HP restored.
There is an open door here.
There is a staircase leading out of the dungeon here.
Are you sure you want to leave the Dungeon?
This will make you lose the game!
You have escaped!

#.#.#.#####.#...#
#.#.#...#.#.#...#
#.#.###.#.#.#...#
#.#.....#.#.#...#
#.#.###'#.#.#...#
###.#...#.'.#...#
#...#.#.#.###.###
##'.#.#.#.#...#
#@#.# #.#.#.#.####
#.#.# #.#.#.#...†.
#.#.###.#.#.#.....
#.#.#.#...#.#.....
#.#...#####.#.....
#...#.......#.....
#############.....
#..........
#..........


There were no monsters in sight!

Vanquished Creatures
  A worm (D:2)
  A dart slug (D:1)
  A giant cockroach (D:1)
  5 goblins
  A hobgoblin (D:1)
  3 jackals (D:2)
  3 kobolds (D:2)
  A quokka (D:2)
  A bat (D:2)
  A frilled lizard (D:1)
  2 rats
20 creatures vanquished.

Notes
Turn   | Place    | Note
-------+----------+-------------------------------------------
     0 | D:1      | ivs the Merfolk Berserker began the quest for the Orb.
     0 | D:1      | Reached XP level 1. HP: 18/18 MP: 1/1
   140 | D:1      | Reached skill level 5 in Polearms
   140 | D:1      | Reached XP level 2. HP: 24/24 MP: 2/2
   379 | D:2      | Reached skill level 6 in Polearms
   379 | D:2      | Reached XP level 3. HP: 20/29 MP: 3/3
   528 | D:$      | Got out of the dungeon alive.

Levels and vault maps discovered:
D:1:      onia_arrival_mini_maze_b, layout_rooms,
          chequers_serial_rivers_micro_b, minmay_misc_feat_secret_circle
D:2:      layout_basic, minitemple, minmay_lizard_pond

Skill      XL: |  1  2 |
---------------+-------+-----
Polearms       | 5 6 |  6.1
Fighting       | |  3.2
Armour         | |  1.3
Dodging        | |  2.6
Stealth        | |  0.2

Action                   || total
-------------------------++-------
Melee: Spear             ||    76
Invok: Berserk           ||     1
 Stab: Sleeping          ||     1
Armor: Animal skin       ||     5
       Ring mail         ||    11
Dodge: Dodged            ||    29

Table legend:
 A = Non-vault XP
 B = Vault XP
 C = Vault XP percentage of total XP
 D = Non-vault monster count
 E = Vault monster count
 F = Vault count percentage of total count
                 A         B        C        D         E       F
            +---------+---------+-------+---------+---------+-------
      Total |      41 |       0 |   0.0 |      20 |       0 |   0.0
            +---------+---------+-------+---------+---------+-------
        D:1 |      14 |       0 |   0.0 |       7 |       0 |   0.0
        D:2 |      27 |       0 |   0.0 |      13 |       0 |   0.0
            +---------+---------+-------+---------+---------+-------
